Map: Беккетт Индастриз РВ

Players

JekaDeka

  • Race: Zerg Zerg
  • League: Diamond

iheartyouu - Winner!

  • Race: Terran Terran
  • League: Diamond

VOD

Have the link to the VOD?

Description

Time

  • Played on: April 11, 2021, 3:35 p.m.
  • Length: 17:07
Show
View Real Time Build Order
Export as new Build Order

JekaDeka Zerg 

Build Orders: Hatch First, Muta Ling Bane 

Get SALT Encoding   

  12  0:00  Drone  
  13  0:12  Overlord  
  13  0:19  Drone  
  14  0:30  Drone x2  
  16  0:50  Hatchery  
  16  0:53  Drone  
  16  0:58  Drone  
  16  0:59  Drone  
  18  1:13  Spawning Pool  
  18  1:15  Extractor  
  18  1:17  Drone  
  17  1:26  Drone  
  17  1:28  Drone  
  19  1:38  Overlord  
  19  1:49  Drone  
  20  1:59  Drone  
  20  2:00  Queen  
  23  2:01  Queen  
  23  2:03  Zergling x2  
  26  2:13  Drone  
  26  2:15  Drone  
  28  2:21  Drone  
  29  2:26  Drone  
  30  2:35  Drone x2  
  32  2:37  Queen  
  32  2:42  Drone  
  35  2:47  Zergling x2  
  36  2:58  Overlord  
  36  3:03  Hatchery  
  35  3:08  Metabolic Boost  
  35  3:16  Queen  
  35  3:18  Drone  
  35  3:19  Drone x6  
  44  3:26  Overlord  
  44  3:28  Overlord  
  44  3:38  Extractor  
  43  3:46  Overlord  
  43  3:51  Drone x5  
  48  4:04  Overlord  
  48  4:07  Drone x3  
  51  4:13  Drone  
  51  4:16  Queen  
  52  4:17  Extractor  
  52  4:22  Drone x7  
  60  4:28  Drone, Baneling Nest  
  60  4:29  Zergling x2  
  61  4:35  Spore Crawler  
  61  4:36  Spore Crawler  
  61  4:38  Drone, Lair  
  59  4:43  Burrow  
  59  4:44  Extractor  
  59  4:51  Zergling x10  
  64  4:58  Drone x2  
  64  4:59  Drone  
  67  5:04  Zergling x4  
  69  5:10  Zergling x10  
  69  5:12  Overlord x2  
  74  5:20  Evolution Chamber  
  74  5:21  Drone  
  74  5:22  Overlord, Evolution Chamber  
  74  5:23  Overlord  
  73  5:34  Zergling x2  
  73  5:35  Zergling x4  
  76  5:45  Roach Warren  
  76  5:47  Spine Crawler  
  74  5:53  Zerg Melee Weapons Level 1, Zerg Ground Armor Level 1  
  71  6:05  Overlord x2  
  71  6:16  Drone x2, Overlord x2  
  73  6:19  Drone  
  73  6:20  Spire  
  73  6:21  Centrifical Hooks  
  73  6:23  Overlord  
  73  6:24  Drone x2  
  75  6:39  Hatchery  
  74  6:42  Spine Crawler  
  73  6:50  Drone  
  73  6:51  Drone x10  
  73  6:52  Overlord x2  
  84  6:59  Overlord  
  84  7:04  Zergling x12  
  90  7:09  Zergling x6  
  90  7:13  Overlord  
  93  7:17  Queen  
  95  7:24  Overlord  
  95  7:25  Zergling x4  
  94  7:37  Mutalisk  
  94  7:38  Mutalisk x4  
  94  7:43  Baneling x5  
  104  7:47  Queen  
  104  7:49  Drone x3  
  104  7:50  Extractor x2  
  99  8:05  Mutalisk x8  
  108  8:17  Drone x5  
  113  8:24  Zerg Melee Weapons Level 2  
  113  8:31  Drone  
  114  8:58  Zerg Flyer Weapons Level 1  
  114  9:03  Spore Crawler  
  114  9:05  Spine Crawler  
  114  9:07  Zergling x2  
  114  9:08  Zergling x40  
  127  9:17  Extractor  
  127  9:18  Extractor  
  123  9:30  Mutalisk x9  
  142  9:38  Zergling x14  
  142  9:39  Zergling x2  
  149  9:49  Zergling x4  
  149  9:52  Overlord x2  
  145  10:18  Zergling x24  
  157  10:22  Zerg Ground Armor Level 2  
  157  10:27  Drone, Infestation Pit  
  157  10:28  Queen  
  157  10:31  Drone  
  157  10:32  Drone x6  
  166  10:53  Baneling x15  
  166  10:54  Baneling x25, Overlord  
  166  10:55  Overlord x2  
  110  11:30  Zergling x2  
  110  11:31  Zergling x44  
  110  11:32  Zergling x2  
  126  11:38  Pathogen Glands  
  126  11:39  Hive  
  126  11:43  Zergling x8  
  130  11:53  Baneling x12  
  130  11:54  Baneling x11  
  114  12:22  Zergling x34  
  113  12:34  Drone  
  113  12:35  Drone x3  
  117  12:44  Overlord  
  117  12:49  Baneling x3  
  117  12:50  Zergling x16  
  125  12:53  Extractor  
  125  12:54  Hatchery  
  125  12:57  Extractor  
  122  13:02  Greater Spire  
  122  13:23  Overlord  
  122  13:24  Ultralisk Cavern  
  121  13:30  Drone x5  
  121  13:32  Drone x3  
  121  13:33  Drone x3  
  133  13:34  Drone x4  
  133  13:36  Zergling x2  
  133  13:37  Zergling x20  
  147  13:45  Zerg Melee Weapons Level 3  
  147  13:46  Zerg Ground Armor Level 3  
  147  13:47  Adrenal Glands  
  147  13:49  Corruptor  
  147  13:50  Corruptor x5  
  159  14:08  Drone x4  
  163  14:26  Overlord  
  163  14:28  Neural Parasite  
  163  14:30  Zerg Flyer Weapons Level 2  
  159  14:48  Zergling x18  
  159  14:49  Zergling x12  
  176  14:56  Brood Lord x3  
  176  14:57  Brood Lord x3  
  176  14:58  Baneling x2  
  176  14:59  Baneling x17  
  186  15:01  Zergling x2  
  186  15:02  Zergling x16  
  157  15:16  Corruptor x2  
  142  15:25  Zergling x34  
  144  15:37  Zergling x6  
  144  15:38  Zergling x6  
  121  15:55  Hatchery, Zergling x2  
  121  15:56  Zergling x18  
  115  15:57  Extractor  
  115  16:02  Zergling x6  
  109  16:09  Zergling x2  
  109  16:10  Zergling x10  
  110  16:16  Baneling  
  110  16:17  Baneling x18  
  103  16:23  Corruptor  
  103  16:24  Corruptor x2  
  94  16:38  Corruptor x3, Zergling x14  
  94  16:39  Zergling x4  
  89  16:58  Extractor  
Show
View Real Time Build Order
Export as new Build Order

iheartyouu Terran - Winner!

Build Orders: Reaper Expand 

Get SALT Encoding   

  12  0:00  SCV  
  13  0:12  SCV  
  14  0:17  Supply Depot  
  14  0:24  SCV  
  15  0:38  SCV  
  15  0:39  Barracks  
  16  0:44  Refinery  
  16  0:51  SCV  
  17  1:03  SCV  
  18  1:15  SCV  
  19  1:29  Orbital Command  
  19  1:30  Reaper  
  20  1:41  Command Center  
  20  1:56  Supply Depot  
  20  1:57  SCV  
  21  2:06  Marine  
  22  2:09  SCV  
  23  2:21  SCV  
  24  2:23  Factory  
  24  2:24  Barracks Reactor  
  24  2:33  SCV  
  25  2:45  SCV  
  26  2:52  Command Center  
  26  2:54  Orbital Command  
  26  2:57  SCV  
  27  3:12  SCV, Starport  
  28  3:15  Hellion  
  28  3:16  Hellion  
  32  3:20  SCV  
  33  3:29  Barracks Tech Lab  
  33  3:30  Refinery  
  33  3:31  SCV  
  33  3:32  SCV  
  35  3:39  Hellion x2  
  39  3:43  SCV  
  39  3:46  SCV  
  41  3:50  Viking  
  43  3:57  SCV  
  43  3:58  SCV  
  45  4:06  Hellion x2  
  45  4:08  Orbital Command  
  49  4:10  SCV x2  
  51  4:22  Stimpack, SCV  
  51  4:23  SCV  
  53  4:36  SCV x3  
  56  4:41  Hellion  
  56  4:42  Supply Depot, Hellion  
  60  4:46  Refinery x2, Engineering Bay  
  60  4:48  Engineering Bay, SCV  
  60  4:50  Barracks  
  61  4:59  Barracks  
  61  5:03  Liberator  
  61  5:04  Supply Depot, SCV x2  
  66  5:08  Supply Depot  
  66  5:11  SCV  
  67  5:16  Terran Infantry Weapons Level 1, SCV x2  
  69  5:26  SCV, Marine  
  71  5:29  Supply Depot, SCV x2  
  71  5:30  Terran Infantry Armor Level 1  
  71  5:31  Factory Reactor  
  71  5:35  Supply Depot  
  73  5:38  SCV  
  74  5:47  Starport Reactor  
  74  5:50  SCV x2  
  74  5:51  SCV  
  77  6:32  Orbital Command  
  77  6:37  Starport Reactor  
  77  6:39  Barracks  
  77  6:40  SCV  
  77  6:41  Barracks, SCV  
  77  6:43  Factory Tech Lab  
  77  6:46  Barracks x2  
  79  6:48  Command Center  
  79  6:53  SCV  
  83  7:08  Siege Tank  
  83  7:19  SCV x3  
  86  7:23  Medivac x2, Marine  
  86  7:24  Marine x4  
  86  7:25  Armory  
  86  7:26  Combat Shield  
  86  7:28  Marine x3  
  98  7:31  SCV  
  98  7:35  Supply Depot x3  
  96  7:38  Command Center  
  96  7:41  Marine  
  96  7:42  Marauder  
  96  7:43  Refinery  
  97  7:59  Refinery  
  82  8:07  Barracks Tech Lab x3  
  82  8:08  Marauder, Marine x6  
  82  8:10  Siege Tank  
  82  8:11  Medivac x2  
  95  8:18  SCV x2  
  95  8:19  SCV  
  98  8:20  Terran Infantry Weapons Level 2  
  98  8:25  Marine  
  98  8:26  Marine x5  
  104  8:28  Marauder x3  
  104  8:29  Marine  
  104  8:30  SCV  
  104  8:31  SCV  
  113  8:41  Terran Infantry Armor Level 2  
  113  8:43  Marine x2  
  113  8:44  Marine x3  
  113  8:47  Marauder  
  120  8:49  SCV x2  
  120  8:50  SCV x2  
  124  9:05  Marauder x2, Marine  
  124  9:06  Marauder, Marine x5  
  124  9:07  Siege Tank  
  124  9:09  Marauder  
  140  9:14  Missile Turret  
  136  9:23  Marine  
  136  9:24  Marine x5  
  138  9:26  Marine x3  
  138  9:29  Marine, SCV x3  
  147  9:32  Planetary Fortress  
  147  9:41  Marine x3  
  147  9:42  Marine x3  
  147  9:44  Marine x2  
  147  9:45  Marine  
  155  9:48  Marauder  
  155  9:49  Medivac x2, SCV x2  
  155  9:50  SCV  
  155  9:54  Supply Depot x2  
  155  9:57  Supply Depot  
  155  9:58  Missile Turret  
  155  9:59  Supply Depot, Marine x3  
  155  10:00  Supply Depot, Missile Turret  
  155  10:02  Terran Vehicle Weapons Level 1, Missile Turret  
  155  10:04  Missile Turret  
  155  10:19  SCV x2, Marauder, Marine x4  
  155  10:20  SCV, Medivac, Marauder, Marine  
  155  10:21  Thor, SCV  
  176  10:31  SCV  
  177  10:37  Marauder  
  177  10:42  Missile Turret  
  179  10:44  Refinery  
  179  10:45  Missile Turret  
  179  10:48  Supply Depot  
  179  11:06  SCV x4  
  179  11:07  Marauder x2  
  164  11:18  SCV  
  133  11:28  Marauder, Marine x7  
  133  11:29  Marauder, Marine  
  142  11:34  Planetary Fortress  
  142  11:36  SCV  
  142  11:37  SCV x3  
  146  11:41  Medivac x2  
  146  11:46  Marine x6  
  160  11:47  Marauder x2  
  160  11:50  Marauder, Marine  
  158  12:04  Marine x5  
  148  12:46  Refinery  
  148  12:52  Command Center  
  148  13:12  Supply Depot x2  
  148  13:13  Supply Depot  
  148  13:14  Supply Depot  
  148  13:16  Marauder x3, SCV x2  
  156  13:20  Terran Infantry Armor Level 3, Terran Infantry Weapons Level 3  
  156  13:33  Medivac x2, Marine x2  
  156  13:34  Thor, Marauder, Marine x4  
  168  13:37  Marauder x3  
  180  13:51  Marine x6  
  180  13:55  Marauder  
  188  14:04  Marauder x3, SCV x4  
  188  14:09  Marine  
  199  14:14  Marine  
  200  14:20  Missile Turret  
  200  14:31  Missile Turret  
  181  15:20  Marauder x4, Marine x6  
  168  15:32  Medivac  
  168  15:33  Medivac  
  168  15:38  Marine x6  
  168  15:41  Marauder  
  168  15:42  Marauder x3  
  172  15:56  Marine x6  
  169  16:02  Planetary Fortress, Viking  
  169  16:03  Viking, Marauder x4  
  181  16:07  Command Center  
  181  16:08  Thor  
  185  16:13  Marine  
  185  16:14  Marine x5  
  189  16:24  Marauder x4  
  197  16:31  Marine x3  
  179  16:40  Marine  
  179  16:41  Marine x2  
  179  16:45  Marauder  
  179  16:46  Marauder x3  
  190  16:52  Refinery x2  
  193  17:00  Factory  
Tags
 
Add a new tag
Caveats
  • Supply blocks, unpowered buildings, or Contaminate may cause inaccurate times.
  • Supply counts are checked every 10 seconds.